 Dungeon Crawl Stone Soup version 0.27-a0-46-g34d46f0a3f (webtiles) character file.

Game seed: 10331039744560855726

52 Descartes the Ducker (level 3, -1/17 HPs)
             Began as a Felid Monk on Jan 6, 2021.
             Slain by a gnoll (8 damage)
             ... on level 2 of the Dungeon.
             The game lasted 00:02:28 (1916 turns).

Descartes the Ducker (Felid Monk)                   Turns: 1916, Time: 00:02:29

Health: -1/17      AC:  1    Str:  8    XL:     3   Next: 60%
Magic:  4/4        EV: 20    Int: 11    God:
Gold:   131        SH:  0    Dex: 18    Spells: 2/2 levels left
                                        Lives:  0   Deaths: 0

rFire    . . .     SeeInvis +     - Unarmed
rCold    . . .     Faith    .   (shield unavailable)
rNeg     . . .     Spirit   .   (armour unavailable)
rPois    .         Reflect  .   (helmet unavailable)
rElec    .         Harm     .   (cloak unavailable)
rCorr    .         Rampage  .   (gloves unavailable)
Will     .....                  (boots unavailable)
Stlth    +++.......             (no amulet)
HPRegen  0.05/turn              (no ring)
MPRegen  0.09/turn              (no ring)

@: quick
A: very small, no armour, no weapons or thrown items, stealth, claws 1, fangs 3,
see invisible, speed 1, shaggy fur 1, sharp paws
a: no special abilities


You were on level 2 of the Dungeon.
You visited 1 branch of the dungeon, and saw 2 of its levels.

You collected 131 gold pieces.

Inventory:

Scrolls
 e - a scroll of immolation {unknown}
 f - 3 scrolls of enchant weapon {unknown}
 g - a scroll of enchant armour {unknown}
 i - a scroll of teleportation {unknown}
 l - a scroll of random uselessness {unknown}
 m - a scroll of identify {unknown}
Potions
 a - a potion of ambrosia {unknown}
 b - a potion of lignification {unknown}
 c - a potion of mutation {unknown}
 d - 2 potions of heal wounds {unknown}
 h - a potion of resistance {unknown}
 j - a potion of curing {unknown}
 k - a potion of haste {unknown}


   Skills:
 - Level 3.0 Fighting
 + Level 4.6 Dodging
 * Level 4.5 Stealth
 + Level 3.4 Unarmed Combat


You had 2 spell levels left.
You didn't know any spells.
Your spell library was empty.

Dungeon Overview and Level Annotations

Branches:
Dungeon (2/15)

Altars:


Innate Abilities, Weirdness & Mutations

You cannot wear armour.
You are incapable of wielding weapons or throwing items.
Your paws allow you to move quietly. (Stealth)
You have sharp claws.
You have razor-sharp teeth.
You have supernaturally acute eyesight. (SInv)
You cover ground quickly.
You are covered in fur. (AC +1)
Your sharp claws are effective at attacking unaware monsters.


Message History

The gnoll is moderately wounded.
The gnoll barely misses you.
You scratch the gnoll.
The gnoll is heavily wounded.
The gnoll completely misses you.
You scratch the gnoll.
The gnoll is severely wounded.
The gnoll hits you.
You are too injured to fight recklessly!
You are too injured to fight recklessly!
You are too injured to fight recklessly!
You are too injured to fight recklessly!
You are too injured to fight recklessly!
You are too injured to fight recklessly!
You are too injured to fight recklessly!
You are too injured to fight recklessly!
You barely miss the gnoll.
The gnoll is severely wounded.
The gnoll hits you!
You die...

#..# #..#########..####
#.##.
###..###..#########.....#
#.##.
......................#.#
#.##g
###..###############....#
#.... ###..# #.#.## ####.
...g.# #.#.# #. .##..#
#.#.# #.
.##g.###############...#
#.
[##...##.......g@..(...#
#.
.##)#.##.##..#######...#
#. .##.#^##.##...# #
##)## .. .##......##.†#..
.... .##......##.#.###
#.#.... .##...........#
.# #.### .##....[#..#..#
.# .# .##.....#......# .
.# .####.###...###.## #


You could see a gnoll.

Vanquished Creatures
  An adder (D:2)
  A gnoll (D:2)
  A worm (D:2)
  2 dart slugs
  2 ball pythons
  A giant cockroach (D:1)
  6 goblins (D:2)
  6 hobgoblins
  A bat (D:2)
  2 kobolds
  2 rats (D:1)
25 creatures vanquished.

Notes
Turn   | Place    | Note
-------+----------+-------------------------------------------
     0 | D:1      | Descartes the Felid Monk began the quest for the Orb.
     0 | D:1      | Reached XP level 1. HP: 10/10 MP: 2/2
   292 | D:1      | Reached XP level 2. HP: 14/14 MP: 3/3
   851 | D:2      | Found a faded altar of an unknown god.
   860 | D:2      | Reached XP level 3. HP: 13/17 MP: 4/4
  1916 | D:2      | Slain by a gnoll

Illustrated notes

Levels and vault maps discovered:
D:1:      minmay_arrival_up_and_down, layout_basic
D:2:      layout_loops_ring, chequers_ecumenical_altar_simple,
          corexii_hall_statues_x, tgw_trog

Skill      XL: |  1  2 |
---------------+-------+-----
Stealth        | 3 4 |  4.5
Fighting       | |  3.0
Dodging        | |  4.6
Unarmed Combat | |  3.4

Action                   || total
-------------------------++-------
Melee: Unarmed           ||    95
       Bite              ||     9
       Punch             ||     1
 Stab: Sleeping          ||     5
Armor: Skin              ||     2
Dodge: Dodged            ||    56

Table legend: (Time is in decaauts)
 A = Elapsed time spent in this place.
 B = Non-inter-level travel time spent in this place.
 C = Inter-level travel time spent in this place.
 D = Time resting spent in this place.
 E = Time spent auto-exploring this place.
 F = Levels seen in this place.
 G = Mean time per level.
                   A        B        C        D        E       F      G
               +--------+--------+--------+--------+--------+-----+--------+
         Total |   1758 |   1725 |     33 |      0 |   1471 |   2 |  879.0 |
       Dungeon |   1758 |   1725 |     33 |      0 |   1471 |   2 |  879.0 |
               +--------+--------+--------+--------+--------+-----+--------+

Top non-repeatable levels by time:
     D:1: 1259 daAuts
     D:2: 499 daAuts
